 Dungeon Crawl Stone Soup version 0.22-a0-368-g870eee8 (webtiles) character file.

642 Amnesiac the Conjurer (level 7, 0/51 HPs)
             Began as a Mummy Wizard on Apr 23, 2018.
             Was a Follower of Sif Muna.
             Slain by a water moccasin skeleton (6 damage)
             ... on level 7 of the Dungeon.
             The game lasted 00:12:57 (6376 turns).

Amnesiac the Conjurer (Mummy Wizard)                Turns: 6376, Time: 00:12:57

Health: 0/51       AC:  4    Str: 10    XL:     7   Next: 26%
Magic:  3/14       EV: 13    Int: 19    God:    Sif Muna [*.....]
Gold:   250        SH:  0    Dex: 11    Spells: 5/15 levels left

rFire    x . .     SeeInvis .   k - +0 hunting sling
rCold    + . .     Gourm    .   (no shield)
rNeg     + + +     Faith    .   a - +0 robe
rPois    ∞         Spirit   .   p - +0 helmet
rElec    .         Reflect  .   (no cloak)
rCorr    .         Harm     .   (no gloves)
MR       .....                  s - +0 pair of boots
Stlth    ++........             (no amulet)
HPRegen  0.17/turn              l - ring of wizardry
MPRegen  0.14/turn              (no ring)

@: very slightly contaminated, divine energy
A: no food or potions, fire vulnerability, cold resistance 1, negative energy
resistance 3, torment resistance, unbreathing
a: Stop Divine Energy, Renounce Religion


You were on level 7 of the Dungeon.
You worshipped Sif Muna.
Sif Muna was aware of your devotion.
You were not hungry.

You visited 2 branches of the dungeon, and saw 8 of its levels.

You collected 250 gold pieces.

Inventory:

Hand Weapons
 k - a +0 hunting sling (weapon)
 n - a +0 hand axe of freezing
Missiles
 f - 173 stones (quivered)
 h - 4 curare-tipped needles
Armour
 a - a +0 robe (worn)
 p - a +0 helmet (worn)
 s - a +0 pair of boots (worn)
 t - a +0 buckler
Jewellery
 l - a ring of wizardry (left hand)
Wands
 q - a wand of disintegration (8)
Scrolls
 b - a scroll of remove curse {!r}
 c - 2 scrolls of magic mapping {!r}
 d - a scroll of amnesia {!r}
 e - 2 scrolls of enchant armour {!r}
 g - a scroll of teleportation {!r}
 i - 3 scrolls of identify {!r}
 j - 2 scrolls of immolation {!r}
 m - 2 scrolls of fear {!r}
 o - a scroll of enchant weapon {!r}


   Skills:
 - Level 2.5 Fighting
 - Level 3.7 Dodging
 - Level 1.5 Stealth
 + Level 4.6 Spellcasting
 * Level 4.7 Conjurations
 - Level 0.7 Summonings
 - Level 0.7 Translocations


You had 5 spell levels left.
You knew the following spells:

 Your Spells              Type           Power        Failure   Level  Hunger
b - Call Imp              Summ           #.......     6%          2    N/A
e - Mephitic Cloud        Conj/Pois/Air  ##......     9%          3    N/A
s - Conjure Flame         Conj/Fire      ##......     6%          3    N/A
v - Blink                 Tloc           N/A          6%          2    N/A

Dungeon Overview and Level Annotations

Branches:
Dungeon (7/15)             Temple (1/1) D:4

Altars:
Ashenzari
Cheibriados
Dithmenos
Elyvilon
Gozag
Hepliaklqana
Kikubaaqudgha
Makhleb
Nemelex Xobeh
Okawaru
Qazlal
Ru
Sif Muna
Trog
Vehumet
Wu Jian
Xom
Yredelemnul
Zin
The Shining One


Innate Abilities, Weirdness & Mutations

You do not eat or drink.
Your flesh is vulnerable to fire.
You are immune to poison.
Your flesh is cold resistant. (rC+)
You are immune to negative energy. (rN+++)
You are immune to unholy pain and torment.
You can survive without breathing.


Message History

You shoot a stone.
The stone hits the centaur but does no damage.
The centaur is almost dead.
The hound bites you but does no damage. The water moccasin skeleton misses you.
The hound closely misses you.
A sky beast comes into view.
Firing (i - inventory)
f - 174 stones (quivered)
Press: ? - help, Shift-Dir - straight line, f/p - centaur
Aim: a centaur, wielding a shortbow (almost dead, confused)
Okay, then.
The hound bites you.
* * * LOW HITPOINT WARNING * * *
The water moccasin skeleton bites you.
* * * LOW HITPOINT WARNING * * *
The hound bites you but does no damage. The worker ant bites you.
* * * LOW HITPOINT WARNING * * *
You see here an arrow.
The hound misses you. The hound bites you.
* * * LOW HITPOINT WARNING * * *
Casting: Mephitic Cloud (safe; 9% risk of failure)
Confirm with . or Enter, or press ? or * to list all spells.
Aiming: Mephitic Cloud (safe; 9% risk of failure)
Press: ? - help, Shift-Dir - straight line, f - hound
Aim: a hound (moderately wounded)
The ball explodes into a vile cloud!
The stinking cloud engulfs the hound.
The hound is moderately wounded.
The stinking cloud engulfs the worker ant.
The stinking cloud engulfs the water moccasin skeleton.
The water moccasin skeleton appears unharmed.
The stinking cloud engulfs you!
You hear an angry hiss.
The worker ant is engulfed in noxious fumes.
The worker ant appears confused.
The hound is engulfed in noxious fumes.
The hound appears confused.
The water moccasin skeleton bites you but does no damage.
The hound is engulfed in noxious fumes.
The hound appears confused.
The hound bites the water moccasin skeleton.
The hound is engulfed in noxious fumes.
The hound appears confused.
A sky beast comes into view.
The hound bites the worker ant.
The worker ant bites the hound.
The worker ant bites something.
Casting: Mephitic Cloud (safe; 9% risk of failure)
Confirm with . or Enter, or press ? or * to list all spells.
Aiming: Conjure Flame (safe; 6% risk of failure)
Press: ? - help, Dir - move target cursor, f - water moccasin skeleton
Aim: a water moccasin skeleton (lightly damaged)
Okay, then.
Casting: Conjure Flame (safe; 6% risk of failure)
Confirm with . or Enter, or press ? or * to list all spells.
Aiming: Conjure Flame (safe; 6% risk of failure)
Press: ? - help, Dir - move target cursor The fire ignites!
The water moccasin skeleton misses you.
The water moccasin skeleton bites you but does no damage.
The worker ant bites itself.
Firing (i - inventory)
f - 174 stones (quivered)
Press: ? - help, Shift-Dir - straight line, f - water moccasin skeleton
Aim: a water moccasin skeleton (flame, lightly damaged)
You shoot a stone.
The stone hits the water moccasin skeleton.
The water moccasin skeleton is moderately damaged.
The water moccasin skeleton is engulfed in blazing flames.
The water moccasin skeleton bites you.
You die...

..........(.....#
############a...#
#_## #....#
...8##....#######
....##.......Y...
..._#..Y#######.
....##...#
...8##.Z.#######
#_## #.@.##....#
#######...##.##.#
..............#.#
..............#.#
...........##.#.#
............#.#.#
.......†....#...#
###..##.#.†.#####
##. #.#<..#


You could see a sky beast, a worker ant (confused) and a water moccasin
skeleton.

Vanquished Creatures
  A black bear (D:7)
  An ice beast (D:2)
  An ogre (D:4)
  Blork the orc (D:4)
  A hound (D:5)
  A bullfrog zombie (D:3)
  2 orc wizards (D:3)
  A howler monkey skeleton (D:5)
  3 adders (D:3)
  An ooze (D:2)
  5 worms
  4 dart slugs
  6 leopard geckos
  8 orcs
  2 ball pythons (D:4)
  11 bats
  4 giant cockroaches
  8 goblins
  3 hobgoblins
  5 jackals
  10 kobolds
  2 quokkas (D:4)
  5 frilled lizards
  9 rats
95 creatures vanquished.

Vanquished Creatures (collateral kills)
  A crimson imp (D:5)
  An iguana (D:7)
  An adder (D:2)
  An ooze (D:3)
  A worm (D:2)
  A dart slug (D:2)
  3 orcs
  2 hobgoblins (D:2)
  A quokka (D:2)
  3 frilled lizards
  A kobold (D:2)
  A rat (D:2)
17 creatures vanquished.

Grand Total: 112 creatures vanquished

Notes
Turn   | Place    | Note
-------+----------+-------------------------------------------
     0 | D:1      | Amnesiac the Mummy Wizard began the quest for the Orb.
     0 | D:1      | Reached XP level 1. HP: 13/13 MP: 5/5
   227 | D:2      | Reached XP level 2. HP: 13/20 MP: 1/7
   231 | D:2      | Learned a level 2 spell: Call Imp
   364 | D:2      | Found a sparkling altar of Nemelex Xobeh.
   381 | D:2      | Reached skill level 1 in Fighting
   929 | D:3      | Reached XP level 3. HP: 15/26 MP: 0/8
   934 | D:3      | Learned a level 3 spell: Conjure Flame
   938 | D:3      | Learned a level 3 spell: Mephitic Cloud
  1007 | D:3      | Noticed an ice beast
  1621 | D:3      | Reached XP level 4. HP: 15/33 MP: 2/10
  1793 | D:3      | Found a sacrificial altar of Ru.
  1987 | D:4      | Noticed Blork the orc
  2012 | D:4      | Killed Blork the orc
  2089 | D:5      | Entered Level 5 of the Dungeon
  2168 | D:4      | Found an iron altar of Okawaru.
  2246 | D:4      | Found a staircase to the Ecumenical Temple.
  2318 | Temple   | Entered the Ecumenical Temple
  2427 | D:3      | Found a glowing silver altar of Zin.
  2452 | D:3      | Reached XP level 5. HP: 29/39 MP: 11/11
  2527 | D:3      | Found a deep blue altar of Sif Muna.
  2531 | D:3      | Became a worshipper of Sif Muna the Loreminder
  2558 | D:3      | Reached skill level 1 in Conjurations
  2628 | D:3      | Learned a level 2 spell: Blink
  2675 | D:3      | Identified Sif Muna's Tome of Poison
  3207 | D:2      | Killed an ice beast
  3207 | D:2      | Reached XP level 6. HP: 18/46 MP: 4/12
  3260 | D:1      | Found a shattered altar of Ashenzari.
  4517 | D:3      | Reached * piety under Sif Muna
  5445 | D:5      | Got a fine chain mail
  5750 | D:5      | Identified the +1 chain mail of Noughts and Crosses {*Corrode rN++ Str+3} (You found it on level 5 of the Dungeon)
  6064 | D:5      | Reached XP level 7. HP: 19/51 MP: 13/13
  6217 | D:6      | Noticed a yak
  6217 | D:6      | Noticed a yak
  6265 | D:7      | Found an ancient bone altar of Kikubaaqudgha.
  6320 | D:7      | Found a stormy altar of Qazlal.
  6324 | D:7      | Found a shadowy altar of Dithmenos.
  6376 | D:7      | Slain by a water moccasin skeleton

Vault maps used:
D:1:      minmay_arrival_five_plusses, evilmike_ruin_ashenzari
D:2:      minmay_diamond_boxcup, nicolae_overflow_crystal_walls
D:3:      marbit_many_paths, zin_statuary, led_sif_book, first_ration
D:4:      minmay_temple_entry_junction_2, okawaru_ov_weapons_minmay,
          uniq_blork_the_orc
D:5:      kennysheep_generic_room_8
D:6:      serial_shops, shop, lightli_orcish_oven
D:7:      kennysheep_mini, nicolae_overflow_hidden_temple, grunt_livestock
Temple:   minmay_temple_bridge_abc

Skill      XL: |  1  2  3  4  5  6 |
---------------+-------------------+-----
Dodging        | 2 3 |  3.7
Fighting       | 1 2 |  2.5
Conjurations   | 2 4 |  4.7
Stealth        | |  1.5
Spellcasting   | |  4.6
Summonings     | |  0.7
Translocations | |  0.7

Action                   |  1- 3 |  4- 6 |  7- 9 || total
-------------------------+-------+-------+-------++-------
Melee: Unarmed           |    21 |       |       ||    21
       Mace              |     2 |     4 |       ||     6
       Hand axe          |       |     1 |       ||     1
 Fire: Hunting sling     |       |   374 |    45 ||   419
 Cast: Magic Dart        |    48 |     5 |       ||    53
       Call Imp          |    17 |    13 |     4 ||    34
       Conjure Flame     |     1 |       |     1 ||     2
       Mephitic Cloud    |       |     8 |     6 ||    14
       Blink             |       |     3 |       ||     3
Invok: Divine Energy     |       |     1 |       ||     1
  Use: Scroll            |     1 |     7 |     2 ||    10
 Stab: Sleeping          |       |     1 |       ||     1
Armor: Robe              |     7 |    41 |    13 ||    61
Dodge: Dodged            |    57 |   166 |    28 ||   251

Table legend:
 A = Spawn XP
 B = Non-spawn XP
 C = Spawn XP percentage of total XP
 D = Spawn monster count
 E = Non-spawn monster count
 F = Spawn count percentage of total count
 G = Total turns spent on level
                    A         B        C        D         E        F      G
               +---------+---------+-------+---------+---------+-------+---------
         Total |       0 |     918 |   0.0 |       0 |     112 |   0.0 |  6376
               +---------+---------+-------+---------+---------+-------+---------
           D:1 |       0 |      44 |   0.0 |       0 |      25 |   0.0 |   811
           D:2 |       0 |     188 |   0.0 |       0 |      33 |   0.0 |  1781
           D:3 |       0 |     225 |   0.0 |       0 |      32 |   0.0 |  1854
           D:4 |       0 |     203 |   0.0 |       0 |      13 |   0.0 |   909
           D:5 |       0 |      92 |   0.0 |       0 |       6 |   0.0 |   792
           D:7 |       0 |     166 |   0.0 |       0 |       3 |   0.0 |   154
               +---------+---------+-------+---------+---------+-------+---------
